Cogmind - Beta 12 @@@ ROGUE MODE // 2023.07.17 @ 22:41:04 Player: ZOT Result: Destroyed by as-16747 with Assembled Blade Performance ------------- Evolutions (0) 0 Regions Visited (2) 400 Robots Destroyed (14) 70 Value Destroyed (174) 174 Prototype IDs (2) 40 Alien Tech Used (0) 0 Bonus (0) 0 TOTAL SCORE: 684 Bonus ------- None Cogmind --------- Core Integrity 0/250 Matter 265/300 Energy 118/125 System Corruption 0% Temperature Hot (218) Movement Rolling (80) Location -10/Mines Parts ------- > --- POWER (1) -------- Light Ion Engine > --- PROPULSION (2) --- Wheel > --- UTILITY (2) ------ Signal Interpreter Improved Terrain Scanner > --- WEAPON (2) ------- Particle Cannon > --- INVENTORY (5) ---- Small Battery (100) Peak State ------------ > --- POWER ------------ Ion Engine > --- PROPULSION ------- Aluminum Leg Aluminum Leg > --- UTILITY ---------- Small Battery Improved Terrain Scanner > --- WEAPON ----------- Particle Cannon Maul > --- INVENTORY -------- Wheel Wheel Signal Interpreter Particle Cannon [Rating: 11] Favorites ----------- Power Ion Engine Engine Ion Engine Propulsion Aluminum Leg Leg Aluminum Leg Wheel Wheel Utility Improved Terrain Scanner Device Improved Terrain Scanner Storage Small Battery Processor Signal Interpreter Weapon Medium Laser Energy Gun Medium Laser Energy Cannon Particle Cannon Special Weapon Mining Laser Impact Weapon Maul Build | -11 -10 -10 ------- Run | Jun Mat Min Slots Evolved . | . . . Power . | . . . Propulsion . | . . . Utility . | . . . Weapon . | . . . Parts Attached 20 | 7 6 7 Power 3 | 1 1 1 Engine 3 | 1 1 1 Core . | . . . Reactor . | . . . Propulsion 7 | 2 3 2 Treads . | . . . Leg 2 | . 2 . Wheel 5 | 2 1 2 Hover . | . . . Flight . | . . . Utility 5 | 2 1 2 Device 3 | 2 . 1 Storage 1 | . 1 . Processor 1 | . . 1 Hackware . | . . . Protection . | . . . Artifact . | . . . Weapon 5 | 2 1 2 Energy Gun 1 | 1 . . Energy Cannon 2 | . . 2 Ballistic Gun . | . . . Ballistic Cannon . | . . . Launcher . | . . . Special Weapon 1 | 1 . . Impact Weapon 1 | . 1 . Slashing Weapon . | . . . Piercing Weapon . | . . . Special Melee Weapon . | . . . Unidentified Prototypes . | . . . Parts Lost 12 | . 4 8 Power 2 | . 1 1 Propulsion 4 | . 1 3 Utility 2 | . 1 1 Weapon 4 | . 1 3 Highest Loss Streak 5 | . 4 5 To Critical Strikes . | . . . Average Slot Usage (%) 86 | . 80 89 Engine 12 | . 12 12 Leg 20 | . 18 22 Wheel 4 | . 8 2 Device 14 | . 16 13 Storage 7 | . 7 8 Processor 3 | . . 5 Energy Gun 8 | . 14 5 Energy Cannon 4 | . . 7 Impact Weapon 7 | . 1 11 Naked Turns . | . . . Heaviest Build 14 | 8 12 14 Greatest Support 20 | 20 20 20 Greatest Overweight (x) 2 | 1 . 2 Average Overweight (x) . | . . . Largest Inventory Capacity 5 | 5 5 5 Average Capacity 5 | 5 5 5 Most Carried 5 | 5 5 5 Average Carried 3 | 3 3 4 Final Capacity 5 | 5 5 5 Final Carried 5 | 4 5 1 Class Distribution -------------------- 95% | Mutant 4% | Scavenger-Mutant Dominant Class ---------------- Mutant | -10/Materials Mutant | -10/Mines Resources | -11 -10 -10 ----------- Run | Jun Mat Min Matter Collected 351 | 270 40 41 Remotely . | . . . Salvage Created 472 | 167 85 220 Parts 24 | 13 . 11 Haulers Intercepted . | . . . Recyclers Shooed 2 | 1 . 1 Parts Field Recycled . | . . . Retrieved Matter . | . . . Parts Self-Destructed . | . . . Prevented . | . . . Kills | -11 -10 -10 ------- Run | Jun Mat Min Combat Hostiles Destroyed 7 | . 2 5 Melee 1 | . . 1 Guns 2 | . 2 . Cannons 2 | . . 2 Classes Destroyed 5 | 2 1 2 Tunneler 5 | 4 . 1 Recycler 3 | 1 . 2 Swarmer 4 | . . 4 Grunt 2 | . 2 . Assembled 1 | . . 1 Best Kill Streak 4 | 2 1 4 Combat Bots Only 2 | . 1 2 Max Kills in Single Turn 1 | 1 1 1 Gunslinging . | . . . Exploded . | . . . Melee 1 | . . 1 Uniques/NPCs Destroyed . | . . . Combat | -11 -10 -10 -------- Run | Jun Mat Min Damage Taken 1052 | . 335 717 Core 273 | . 110 163 Absorbed by Shields . | . . . Core Remaining (%) 100 | 100 . . Volleys Fired 60 | 18 27 15 Largest 1 | 1 1 1 Hottest 68 | 50 50 68 Shots Fired 60 | 18 27 15 Gun 45 | 18 27 . Cannon 15 | . . 15 Launcher . | . . . Special . | . . . Kinetic . | . . . Thermal 60 | 18 27 15 Explosive . | . . . Electromagnetic . | . . . Robot Hit Streak 11 | 11 5 3 Robot Miss Streak 4 | 2 1 4 Penetration Max . | . . . Secondary Targets . | . . . Shots Hit Robots 50 | 13 21 16 Core Hits 15 | 6 5 4 Critical Kills . | . . . Critical Parts Destroyed 3 | . . 3 Critical Strikes 6 | 2 1 3 Burn 3 | 2 1 . Smash 3 | . . 3 Melee Attacks 12 | . . 12 Impact 12 | . . 12 Slashing . | . . . Piercing . | . . . Sneak Attacks 2 | . . 2 Combat Hostiles . | . . . Follow-up Attacks . | . . . Damage Inflicted 982 | 167 249 566 Guns 416 | 167 249 . Cannons 144 | . . 144 Explosions . | . . . Melee 422 | . . 422 Ramming . | . . . Kinetic . | . . . Thermal 560 | 167 249 144 Explosive . | . . . Electromagnetic . | . . . Impact 422 | . . 422 Slashing . | . . . Piercing . | . . . Highest Corruption . | . . . Average Corruption . | . . . Corruption Purged . | . . . Corruption Blocked . | . . . Overload Shots . | . . . Overflow Damage 178 | . . 178 Projectiles 1 | . . 1 Explosions . | . . . Melee 177 | . . 177 Knockbacks . | . . . Impact . | . . . Kinetic . | . . . Secondary . | . . . Self-Inflicted Damage . | . . . Shots . | . . . Rammed . | . . . Targets Rammed . | . . . Kicked . | . . . Crushed . | . . . Highest Temperature 351 | 90 351 218 Average Temperature 107 | 32 172 70 Received Heat Transfer 195 | . 195 . Effects 1 | . 1 . Short Circuit 1 | . 1 . Siege Activations . | . . . Robots Corrupted . | . . . Combat Hostiles . | . . . Parts Fried 2 | . . 2 Impact Corruptions 8 | . . 8 Robots Melted . | . . . Combat Hostiles . | . . . Parts Melted 6 | 5 1 . Heat Transferred 1702 | 629 814 259 Parts Sabotaged . | . . . Parts Stolen . | . . . Parts Stripped . | . . . Power Chain Reactions . | . . . Missiles Intercepted . | . . . Alert | -11 -10 -10 ------- Run | Jun Mat Min Peak Influence 161 | 25 95 161 Initial 36 | . 16 36 Average 76 | 14 36 116 Maximum Alert Level . | . . . Low Security (%) 100 | 100 100 100 Level 1 . | . . . Level 2 . | . . . Level 3 . | . . . Level 4 . | . . . Level 5 . | . . . High Security . | . . . Max Security . | . . . Squads Dispatched 1 | . 1 . Investigation . | . . . Extermination . | . . . Reinforcement 1 | . 1 . Assault . | . . . Garrison . | . . . Intercept . | . . . Searches Triggered . | . . . Construction Impeded . | . . . Haulers Reinforced . | . . . Active Scanning Responses . | . . . Cargo Convoy Interrupts . | . . . Stealth | -11 -10 -10 --------- Run | Jun Mat Min Distress Signals 1 | . 1 . Communications Jammed . | . . . Distress Signals . | . . . Times Spotted 25 | . 4 21 Peak Tracking Total 9 | . 3 9 Tactical Retreats 2 | . . 2 Traps | -11 -10 -10 ------- Run | Jun Mat Min Traps Triggered . | . . . Indirectly . | . . . Trap Hack Attempts . | . . . Triggered . | . . . Disarmed . | . . . Reprogrammed . | . . . Reused . | . . . Traps Extracted . | . . . Installed . | . . . Triggered . | . . . Machines | -11 -10 -10 ---------- Run | Jun Mat Min Machines Disabled . | . . . Max in Single Turn . | . . . Machines Repaired . | . . . Machines Sabotaged . | . . . Overloaded Fab Kills . | . . . Hacking | -11 -10 -10 --------- Run | Jun Mat Min Machines Accessed 2 | . 2 . Terminals 2 | . 2 . Fabricators . | . . . Repair Stations . | . . . Recycling Units . | . . . Scanalyzers . | . . . Garrison Access . | . . . Total Hacks 7 | . 7 . Successful 4 | . 4 . Failed 3 | . 3 . Catastrophic 1 | . 1 . Database Lockouts . | . . . Manual 5 | . 5 . Terminals 7 | . 7 . Fabricators . | . . . Repair Stations . | . . . Recycling Units . | . . . Scanalyzers . | . . . Garrison Access . | . . . Terminal Hacks 2 | . 2 . Prototype ID Bank 1 | . 1 . Zone Layout 1 | . 1 . Fabricator Hacks . | . . . Repair Station Hacks . | . . . Recycling Unit Hacks . | . . . Scanalyzer . | . . . Garrison Access Hacks . | . . . Unauthorized Hacks 2 | . 2 . Terminals 2 | . 2 . Track 1 | . 1 . Assimilate 1 | . 1 . Fabricators . | . . . Repair Stations . | . . . Recycling Units . | . . . Scanalyzers . | . . . Garrison Access . | . . . Data Cores Recovered . | . . . Used . | . . . Hacking Detections 2 | . 2 . Full Trace Events . | . . . Feedback Events . | . . . Feedback Blocked . | . . . Robot Schematics Acquired . | . . . Robots Built . | . . . Authchips . | . . . Time . | . . . Total Robot Build Rating . | . . . Part Schematics Acquired . | . . . Parts Built . | . . . Authchips . | . . . Time . | . . . Total Part Build Rating . | . . . Parts Repaired . | . . . Time . | . . . Parts Recycled . | . . . Recycled Matter . | . . . Retrieved Matter . | . . . Retrieved Components . | . . . Parts Scanalyzed . | . . . Part Schematics Acquired . | . . . Parts Damaged . | . . . Bothacking | -11 -10 -10 ------------ Run | Jun Mat Min Used RIF Installer . | . . . Robots Hacked . | . . . Non-combat . | . . . Combat . | . . . Robot Hacks Applied . | . . . Relay Couplers Released . | . . . Fabnet Peak Effective % . | . . . Robots Rewired . | . . . Allies Hacked . | . . . Hacks Repelled . | . . . Allies | -11 -10 -10 -------- Run | Jun Mat Min Total Allies . | . . . Largest Group . | . . . Highest-Rated Group . | . . . Highest-Rated Ally . | . . . Total Orders . | . . . Ally Attacks . | . . . Total Damage . | . . . Kills . | . . . Allies Corrupted . | . . . Allies Melted . | . . . Intel | -11 -10 -10 ------- Run | Jun Mat Min Robot Analysis Total . | . . . Derelict Logs Recovered . | . . . Drone Launches . | . . . Drone Recoveries . | . . . Exploration | -11 -10 -10 ------------- Run | Jun Mat Min Turns Passed 844 | 114 276 454 Spaces Moved 606 | 76 167 363 Core 103 | 6 11 86 Treads . | . . . Legs 385 | . 131 254 Wheels 118 | 70 25 23 Hover . | . . . Flight . | . . . Fastest Speed 50 | 50 50 50 Average Speed 100 | 78 109 101 Slowest Speed 190 | 100 120 190 Overloaded Moves . | . . . Propulsion Burnouts . | . . . Robots Hopped . | . . . Cave-ins Triggered . | . . . Exploration Rate (%) 27 | 4 31 48 Regions Visited 2 Branch Regions 1 Pre-discovered Areas . | . . . Known Exits Taken . | . . . Unknown Exits Taken 2 | 1 1 . Scrap Searched . | . . . Spaces Dug . | . . . Terrain Destroyed . | . . . Melee . | . . . Projectile . | . . . AOE . | . . . Terrain Rammed . | . . . Walls Destroyed . | . . . Machines Disabled . | . . . Actions | -11 -10 -10 --------- Run | Jun Mat Min Total 752 | 111 232 409 Wait 37 | . 29 8 Move 604 | 75 166 363 Hop . | . . . Pick Up 17 | 10 4 3 Fast Attach 3 | 2 1 . Attach 14 | 5 3 6 Detach . | . . . Swap 3 | . 2 1 Drop 2 | 1 . 1 Fire 60 | 18 27 15 Melee 12 | . . 12 Ram . | . . . Kick . | . . . Crush . | . . . Escape Stasis . | . . . Rewire . | . . . Trap . | . . . Miscellaneous . | . . . Route ------- -11/Junkyard -10/Materials -10/Mines (discovered 1 exit: *Mat) History --------- Turn | Location | Event 9 | -11/Junkyard | Discovered new exit (range 15) 115 | -11/Junkyard | Entered Materials 206 | -10/Materials | Lost 4 parts (1p1n1u1w) 306 | -10/Materials | Build established: Mutant 332 | -10/Materials | Discovered new exit (range 14) 391 | -10/Materials | Entered Mines 553 | -10/Mines | Core integrity fell below 50% 575 | -10/Mines | Discovered new exit (range 5) 692 | -10/Mines | Identified exit to Materials 729 | -10/Mines | Assembled infested the area 765 | -10/Mines | Core integrity fell below 20% 795 | -10/Mines | Lost 5 parts (1p2n2w) 845 | -10/Mines | Destroyed by as-16747 with Assembled Blade Last Messages --------------- 00756_ as-81577 destroyed. 00758_ Ion Engine destroyed. 00759_ Aluminum Leg destroyed. 00760_ Particle Cannon destroyed. 00760_ U-05 Engineer lays Concrete. 00761_ The unstable cave ceiling collapses. 00761_ U-05 Engineer builds a Wall. 00762_ T-07 Excavator destroyed. 00762_ U-05 Engineer destroyed. 00764_ as-91919 destroyed. 00764_ as-31101 destroyed. 00764_ Maul destroyed. 00765_ The unstable cave ceiling collapses. 00828_ as-92112 sneak attacks. 00833_ T-07 Excavator system corrupted by crushing effect. 00833_ T-07 Excavator knocked back. 00836_ Destroyed Asb. Hover Unit. 00838_ as-92112 destroyed. 00839_ The unstable cave ceiling collapses. 00840_ Wheel destroyed. Map ----- +----------------------------------------------------+ | ???#% ##??# #???#?????????????? | | ???#[ < ##?## ### #?????????#???????? | | ???# ############### ##????????????????? | | ??### ###???#??????# #%# ?????????????????? | | ???## ####???????# ?#?#?????????????? | | ??## ##???????# ##????????????????? | | ??# ##??????# #????????#???????? | | ??# #?#????# ##???????????????? | | ??# ### #?????? % #???????????????? | | ??# ##?## ##?????## ##??? ??????????? | | ??## ##???## ###????## # # ##??? ????????? | | ???####?????####??????# # # ### #???????? | | ???#???????#??????#???# =% #???????? | | ?????????????#???#????# # ??????? | | ???????######?????????# # ??????? | | ???????## ##???#??### ## ??????? | | ???????# #??????## # #?# = ???????? | | ???????# #?????#?### = ##?? %! ???????? | | ???????## #????#????# = #???? ????????? | | ?????###### #???????#?# ####????? ????????? | | ???### #### #?#???????##! #???? ??? ?????????? | | ???## # ##??????????#%*#?????? ?? ##?????????? | | ????# ##??????????#| #?????? ??????????????? | | ????# #??#####???# #?????????????????????? | | ????# # #?## ##??#%a#?????? ??????????????? | | ????####### ### #??#@ #?????????????????????? | | ???## #### #### #?????????????????????? | | ???# ## #?????????????????????? | | ???# """ #??#???#??????????????? | | ???## ## """ ######?????????????????????? | | ????## ###### """ #???#????????????? ????????? | | ?????# #????## ##??????????????????????????? | | ?????# ######## #???#???????????????????????? | | ?????# # ##???????????????????????????? | | ?????# #####????????????????????????????? | | ?????######### #????????????????????????????????? | | ???#??????#??# ###??????????????????????????????? | | #???????#????# ##??????#??????????????????????? | | ????????????## #?#?????#?????????????????????? | | ???????????## #?????????????????????????????? | | ???????????# ##?????????????????????????????? | | ???????????# ###?#????????????????????????????? | | ???????????## ##????????????????????????????????? | | ????????????####?????????????????????????????????? | | ?????????????????????????##???#??????????????????? | | | | | | | | | | | +----------------------------------------------------+ Best States ------------- Heat Dissipation 25 Energy Generation 10 Energy Capacity 350 Matter Stores 300 Matter Capacity 300 Sight Range 16 Terrain Scan Range 16 Terrain Scan Density 10 Evasion (%) 55 Item Schematics ----------------- None Robot Schematics ------------------ None Fabricated ------------ Nothing Alien Tech Used ----------------- None Achievements -------------- None Challenges ------------ None Game ------ Seed NetworkZionitePurifier Manual? 0 Play Time 00:14:42 Cumulative 58.4 hours Start 2023.07.17 @ 22:27:19 End 2023.07.17 @ 22:41:04 Sessions 1 Manual Loads 0 Difficulty Rogue Special Mode None Game No. 77 Rogue 77 Adventurer 0 Explorer 0 Win Type - Total 0 Types 0/0/0/0/0/0/0/0/0 Lore% 22 Gallery% 37 Achievement% 23 Wizard Run 0 Options --------- ASCII 0 Keyboard 0 Movement Mouse Keybinds 0 Fullscreen 1 Font 24/Smallcaps Map View 76x50 Tactical HUD 1 Map Filters NONE Filters NONE Steam 1 RUN: 325ba053-1fff-4120-9d43-d07e807645e5